 Dungeon Crawl Stone Soup version 0.28-a0-802-g09f76e8c00 (webtiles) character file.

Game seed: 7145515526686506457

126 iamoutofideas the Magician (level 4, -3/30 HPs)
             Began as a Demonspawn Fire Elementalist on Nov 6, 2021.
             Succumbed to a kobold brigand's curare-tipped dart
             ... on level 3 of the Dungeon.
             The game lasted 00:04:34 (3483 turns).

iamoutofideas the Magician (DsFE)                   Turns: 3483, Time: 00:04:35

Health: -3/30      AC:  3    Str:  8    XL:     4   Next: 83%
Magic:  9/9        EV: 12    Int: 17    God:
Gold:   86         SH:  0    Dex: 14    Spells: 4/10 levels left

rFire   . . .      SeeInvis .   (no weapon)
rCold   . . .      Faith    .   (no shield)
rNeg    . . .      Spirit   .   a - +0 robe
rPois   .          Reflect  .   (helmet restricted)
rElec   .          Harm     .   (no cloak)
rCorr   .          Rampage  .   (no gloves)
Will    .....                   (no boots)
Stlth   ++........              (no amulet)
HPRegen 0.10/turn               (no ring)
MPRegen 0.11/turn               (no ring)

@: lethally poisoned (-3 -> -39), slowed, very slow
A: horns 1, powered by pain 1, sharp scales 1
a: no special abilities


You were on level 3 of the Dungeon.
You visited 1 branch of the dungeon, and saw 3 of its levels.

You collected 86 gold pieces.

Inventory:

Armour
 a - a +0 robe (worn)
Scrolls
 b - a scroll of enchant weapon {unknown}
 c - 3 scrolls of identify {unknown}
 f - 3 scrolls of teleportation {unknown}
 g - 2 scrolls of immolation {unknown}
 h - a scroll of brand weapon {unknown}
 j - a scroll of vulnerability {unknown}
 k - a scroll of enchant armour {unknown}
Potions
 d - a potion of heal wounds {unknown}
 e - a potion of cancellation {unknown}
 i - a potion of invisibility {unknown}
 l - a potion of lignification {unknown}


   Skills:
 + Level 2.2 Dodging
 - Level 1.7 Stealth
 * Level 3.6 Spellcasting
 + Level 1.8 Conjurations
 + Level 3.4 Fire Magic


You had 4 spell levels left.
You knew the following spells:

 Your Spells              Type           Power      Damage    Failure   Level
a - Foxfire               Conj/Fire      48%        2x1d6     5%          1
b - Scorch                Fire           28%        2d6       6%          2
c - Conjure Flame         Conj/Fire      12%        6-21      17%         3

Your spell library contained the following spells:

 Spells                   Type           Power      Damage    Failure   Level
 Inner Flame              Hex/Fire       8%         N/A       24%         3
 Call Canine Familiar     Summ           3%         N/A       45%         3
 Portal Projectile        Hex/Tloc       6%         N/A       45%         3
 Flame Wave               Conj/Fire      12%        3d4       50%         4
 Leda's Liquefaction      Hex/Erth       1%         N/A       86%         4


Dungeon Overview and Level Annotations

Branches:
Dungeon (3/15)

Altars:

Annotations:
D:2 exclusion: downstairs


Innate Abilities, Weirdness & Mutations

You have a pair of small horns on your head.
You sometimes gain a little power by taking damage.
You are partially covered in razor-sharp scales. (AC +1, Slay +1)


Message History

Your foxfire dissipates!
The foxfire hits the kobold brigand.
The kobold brigand is heavily wounded.
There is a stone staircase leading up here.
You climb upwards.
Level annotation: exclusion: downstairs
There is a stone staircase leading down here.
You start resting.
Magic restored.
You climb downwards.
The kobold brigand throws a curare-tipped dart.
The curare-tipped dart hits you.
You are poisoned.
You have difficulty breathing.
You feel yourself slow down.
There is a stone staircase leading up here.
You feel sick.
The kobold brigand throws a curare-tipped dart.
The curare-tipped dart barely misses you.
You climb upwards.
Level annotation: exclusion: downstairs You feel sick.
You are no longer poisoned.
There is a stone staircase leading down here.
You start resting.
You feel yourself speed up.
You start resting.
HP restored.
You climb downwards.
The kobold brigand throws a curare-tipped dart.
The curare-tipped dart hits you.
You are poisoned.
You have difficulty breathing.
You feel yourself slow down.
The kobold brigand throws a curare-tipped dart.
The curare-tipped dart hits you.
You are more poisoned.
You have difficulty breathing.
* * * LOW HITPOINT WARNING * * *
You feel as though you will be slow longer.
There is a stone staircase leading up here.
You die...

####......)........#####..##
#....###.###...)..## #)##
#........# #.#)).## #.#
#....#######.##)## ...
##.#.# ...#.##)# #..##
#.#... ....##)# #...
#.####.##.####.## #.#. ##.##
#.##.###...## #. .
##...###.#..@....K.# #. .#
#.###.##....###.....# #.#
#.####.## ##..#.#
#.###......# ##.....
##...####### ###### #####


You could see a kobold brigand.

Vanquished Creatures
  Terence (D:2)
  4 adders
  2 dart slugs (D:2)
  3 endoplasms
  4 giant cockroaches (D:1)
  8 goblins
  12 hobgoblins
  2 quokkas
  A ball python (D:1)
  5 bats
  A frilled lizard (D:2)
  9 kobolds
  5 rats
57 creatures vanquished.

Vanquished Creatures (others)
  218 foxfires
218 creatures vanquished.

Grand Total: 275 creatures vanquished

Notes
Turn   | Place    | Note
-------+----------+-------------------------------------------
     0 | D:1      | iamoutofideas the Demonspawn Fire Elementalist began the
                  | quest for the Orb.
     0 | D:1      | Reached XP level 1. HP: 13/13 MP: 3/3
   542 | D:1      | Gained mutation: You sometimes gain a little power by
                  | taking damage. [demonic ancestry]
   542 | D:1      | Reached XP level 2. HP: 19/19 MP: 0/5
   688 | D:1      | Learned a level 2 spell: Scorch
  1361 | D:2      | Gained mutation: You have a pair of small horns on your
                  | head. [demonic ancestry]
  1361 | D:2      | Reached XP level 3. HP: 24/24 MP: 1/6
  1523 | D:2      | Found a faded altar of an unknown god.
  1990 | D:2      | Gained mutation: You are partially covered in razor-sharp
                  | scales. (AC +1, Slay +1) [demonic ancestry]
  1990 | D:2      | Reached XP level 4. HP: 30/30 MP: 3/8
  2377 | D:2      | Noticed Terence
  2402 | D:2      | Killed Terence
  2603 | D:2      | Learned a level 3 spell: Conjure Flame
  2823 | D:3      | Noticed a kobold brigand
  3483 | D:3      | Succumbed to a kobold brigand's curare-tipped dart

Illustrated notes

Levels and vault maps discovered:
D:1:      dpeg_arrival_subterranean_lakeside_camping, layout_rooms,
          chequers_serial_rivers_room_a
D:2:      layout_loops_ring, hellmonk_ecumenical_altar_slurped_away,
          uniq_terence
D:3:      cheibrodos_thug_alley, layout_loops_corners,
          mainiacjoe_overflow_alcove_3

Skill      XL: |  1  2  3 |
---------------+----------+-----
Dodging        | 2 |  2.2
Fire Magic     | 3 |  3.4
Spellcasting   | 3 |  3.6
Stealth        | |  1.7
Conjurations   | |  1.8

Action                   |  1- 3 |  4- 6 || total
-------------------------+-------+-------++-------
Melee: Unarmed           |    11 |       ||    11
 Cast: Foxfire           |    90 |    51 ||   141
       Scorch            |       |     2 ||     2
Armor: Robe              |     7 |     2 ||     9
Dodge: Dodged            |    29 |    13 ||    42

Table legend: (Time is in decaauts)
 A = Elapsed time spent in this place.
 B = Non-inter-level travel time spent in this place.
 C = Inter-level travel time spent in this place.
 D = Time resting spent in this place.
 E = Time spent auto-exploring this place.
 F = Levels seen in this place.
 G = Mean time per level.
                   A        B        C        D        E       F      G
               +--------+--------+--------+--------+--------+-----+--------+
         Total |   3506 |   3435 |     71 |    564 |   2364 |   3 | 1168.7 |
       Dungeon |   3506 |   3435 |     71 |    564 |   2364 |   3 | 1168.7 |
               +--------+--------+--------+--------+--------+-----+--------+

Top non-repeatable levels by time:
     D:2: 1752 daAuts
     D:1: 1297 daAuts
     D:3: 456 daAuts
